 Dungeon Crawl Stone Soup version 0.18.1-8-gdd0e5ea (webtiles) character file.

56 Raiden350 the Insei (level 3, 0/20 HPs)
             Began as an Octopode Transmuter on May 22, 2016.
             Succumbed to an adder's poison
             ... on level 2 of the Dungeon.
             The game lasted 00:08:22 (1325 turns).

Raiden350 the Insei (Octopode Transmuter)           Turns: 1325, Time: 00:08:23

Health: 0/20       AC:  3    Str: 10    XL:     3   Next: 95%
Magic:  6/6        EV: 12    Int: 15    God:
Gold:   36         SH:  0    Dex: 12    Spells: 2 memorised, 3 levels left

rFire  . . .     SeeInvis .       - Unarmed
rCold  . . .     Gourm    .     (no shield)
rNeg   . . .     Faith    .     (helmet restricted)
rPois  .         Spirit   .     (no amulet)
rElec  .         Dismiss  .     (no ring)
rCorr  .         Reflect  .     (no ring)
SustAt .         Harm     .     (no ring)
MR     .....                    (no ring)
Stlth  +++.......               (no ring)
                                (no ring)
                                (no ring)
                                (no ring)

@: lethally poisoned (0 -> -6), very slightly contaminated, hasted, very quick,
not resistant to hostile enchantments, fairly stealthy
A: almost no armour, amphibious, 8 rings, constrict 8, yellow scales 1,
camouflage 1, frail 1, gelatinous body 1, subdued magic 1
a: no special abilities


You were on level 2 of the Dungeon.
You were not hungry.

You visited 1 branch of the dungeon, and saw 2 of its levels.

You collected 36 gold pieces.

Inventory:

Missiles
 a - 12 arrows
Scrolls
 c - 2 scrolls of identify {unknown}
 d - 2 scrolls of noise {unknown}
 g - a scroll of teleportation {unknown}
 i - a scroll of remove curse {unknown}
Books
 b - a book of Changes

   Spells                             Type                      Level
   a - Beastly Appendage              Transmutation                1
   b - Sticks to Snakes               Transmutation                2
   c - Spider Form                    Transmutation/Poison         3
   d - Ice Form                       Ice/Transmutation            4
   e - Blade Hands                    Transmutation                5
Comestibles
 h - a beef jerky
 j - 4 fruits
 k - a bread ration


   Skills:
 * Level 1.5 Fighting
 * Level 2.7 Dodging
 * Level 1.7 Stealth
 + Level 3.6 Unarmed Combat
 + Level 2.0 Spellcasting
 * Level 2.2 Transmutations


You had 3 spell levels left.
You knew the following spells:

 Your Spells              Type           Power        Failure   Level  Hunger
a - Beastly Appendage     Trmt           #.....       10%         1    #......
b - Sticks to Snakes      Trmt           #.......     12%         2    ###....


Dungeon Overview and Level Annotations

Branches:
Dungeon (2/15)

Altars:
Elyvilon


Innate Abilities, Weirdness & Mutations

You cannot wear most types of armour.
You are amphibious.
You can wear up to eight rings at the same time.
You can use your tentacles to constrict eight enemies at once.
Your skin changes colour to match your surroundings (Stealth).
Your rubbery body absorbs attacks (AC +1).
You are partially covered in yellow scales (AC +2).
You are frail (-10% HP).
Your spells are a little easier to cast, but a little less powerful.


Message History

Drink which item? (? for menu, Esc to quit)
Okay, then.
Eat which item? (? for menu, Esc to quit)
* * * LOW HITPOINT WARNING * * *
You feel sick.
That choko was very bland.
* * * LOW HITPOINT WARNING * * *
You feel sick.
* * * LOW HITPOINT WARNING * * *
You feel sick.
Drink which item? (? for menu, Esc to quit)
It was a potion of mutation.
You feel extremely strange.
Your connection to magic feels subdued.
Yellow scales grow over part of your body.
You feel frail.
* * * LOW HITPOINT WARNING * * *
You feel sick.
* * * LOW HITPOINT WARNING * * *
You feel sick.
You die...

.#.#######..... .#.#
##.........#
.#.###...........
..)..#..###.###.#
.....#..###.###.#
................#
.....#..###.##..# #
.....#..#
#.##..####...#
##.#....#
#..[..@†..>..#
#.#.##.........#####..#
#.#.#............#
#.#....######.##.#
#.#.#. #.# .# . #.# #
#.# #.#


There were no monsters in sight!

Vanquished Creatures
  2 adders (D:2)
  A worm (D:2)
  2 dart slugs (D:1)
  A giant gecko (D:1)
  A ball python (D:1)
  3 bats (D:1)
  5 goblins (D:1)
  8 hobgoblins (D:1)
  5 kobolds
  2 rats (D:1)
30 creatures vanquished.

Notes
Turn   | Place    | Note
--------------------------------------------------------------
     0 | D:1      | Raiden350 the Octopode Transmuter began the quest for the Orb.
     0 | D:1      | Reached XP level 1. HP: 13/13 MP: 3/3
   131 | D:1      | Reached XP level 2. HP: 16/18 MP: 5/5
   298 | D:1      | Reached skill level 1 in Stealth
   394 | D:1      | Learned a level 2 spell: Sticks to Snakes
   568 | D:1      | Reached XP level 3. HP: 23/23 MP: 6/6
  1165 | D:2      | Found a white marble altar of Elyvilon.
  1318 | D:2      | Gained mutation: Your spells are a little easier to cast, but a little less powerful. [potion of mutation]
  1318 | D:2      | Gained mutation: You are partially covered in yellow scales (AC +2). [potion of mutation]
  1318 | D:2      | Gained mutation: You are frail (-10% HP). [potion of mutation]
  1322 | D:2      | HP: 1/20 [poisoned by an adder]
  1325 | D:2      | Succumbed to an adder's poison

Skill      XL: |  1  2 |
---------------+-------+-----
Stealth        | 1 |  1.7
Fighting       | |  1.5
Dodging        | |  2.7
Unarmed Combat | |  3.6
Spellcasting   | |  2.0
Transmutations | |  2.2

Action                   || total
-------------------------++-------
Melee: Unarmed           ||    73
       Constrict         ||    21
       Tentacles         ||    13
       Punch             ||     2
 Cast: Beastly Appendage ||     2
  Use: Potion            ||     4
 Stab: Sleeping          ||     6
       Distracted        ||     1
  Eat: Bread ration      ||     1
       Fruit             ||     1
Armor: Skin              ||     5
Dodge: Dodged            ||    31
